 Dungeon Crawl Stone Soup version 0.27-a0-732-ga892ba84f6 (webtiles) character file.

Game seed: 7664417409881939512

150 pkoi the Ruffian (level 5, -15/46 HPs)
             Began as a Minotaur Monk on Mar 24, 2021.
             Was a Follower of Okawaru.
             Demolished by Eustachio
             ... wielding a +2 vampiric falchion
              (16 damage)
             ... on level 4 of the Dungeon.
             The game lasted 00:02:44 (3150 turns).

pkoi the Ruffian (Minotaur Monk)                    Turns: 3150, Time: 00:02:44

Health: -15/46     AC:  5    Str: 16    XL:     5   Next: 10%
Magic:  2/4        EV: 15    Int:  7    God:    Okawaru [*.....]
Gold:   155        SH:  0    Dex: 13    Spells: 4/4 levels left

rFire    . . .     SeeInvis +     - Unarmed
rCold    . . .     Faith    .   (no shield)
rNeg     . . .     Spirit   .   a - +0 robe
rPois    .         Reflect  .   (helmet restricted)
rElec    .         Harm     .   (no cloak)
rCorr    .         Rampage  .   (no gloves)
Will     .....                  d - +2 pair of boots
Stlth    +++.......             (no amulet)
HPRegen  0.15/turn              j - ring of see invisible
MPRegen  0.09/turn              (no ring)

@: heroic
A: horns 2, retaliatory headbutt
a: Renounce Religion, Heroism


You were on level 4 of the Dungeon.
You worshipped Okawaru.
Okawaru was aware of your devotion.
You visited 1 branch of the dungeon, and saw 4 of its levels.

You collected 155 gold pieces.

Inventory:

Missiles
 l - 10 poisoned darts (quivered)
Armour
 a - a +0 robe (worn)
 d - a +2 pair of boots (worn)
Jewellery
 j - a ring of see invisible (right hand)
 r - a +6 ring of strength
Scrolls
 e - 2 scrolls of identify {unknown}
 h - a scroll of magic mapping {unknown}
 k - a scroll of amnesia {unknown}
 m - a scroll of blinking {unknown}
 n - a scroll of enchant armour {unknown}
 o - a scroll of noise {unknown}
 p - a scroll of immolation {unknown}
 q - a scroll of teleportation {unknown}
Potions
 b - a potion of curing {unknown}
 c - a potion of might
 f - a potion of attraction {unknown}
 g - 2 potions of degeneration {unknown}
 i - a potion of invisibility {unknown}


   Skills:
 + Level 3.7(8.7) Fighting
 + Level 0.5(5.5) Armour
 + Level 3.3(8.3) Dodging
 - Level 1.5(6.5) Stealth
 + Level 6.2(11.2) Unarmed Combat
 + Level 0.3 Invocations


You had 4 spell levels left.
You didn't know any spells.
Your spell library was empty.

Dungeon Overview and Level Annotations

Branches:
Dungeon (4/15)             Temple (0/1) D:4

Altars:
Gozag
Okawaru
Vehumet

Shops:
D:3 :

Annotations:
D:4 Eustachio


Innate Abilities, Weirdness & Mutations

You have a pair of horns on your head.
You reflexively headbutt those who attack you in melee.


Message History

Unknown command.
You hit Eustachio. Your headbutt misses Eustachio.
Eustachio is almost dead.
The rat barely misses you. x2; The quokka misses you.
You furiously retaliate!
You headbutt the quokka.
Unknown command.
You miss Eustachio. Your punch misses Eustachio.
Eustachio is almost dead.
Eustachio hits you with a +2 vampiric falchion!
Eustachio draws strength from your wounds!
The rat bites you but does no damage. The rat closely misses you.
You furiously retaliate!
You headbutt the rat!
You kill the rat!
The rat's corpse disappears in a puff of smoke!
The quokka closely misses you. You furiously retaliate!
You headbutt the quokka.
You kill the quokka!
The quokka's corpse disappears in a puff of smoke!
You barely miss Eustachio.
Eustachio is heavily wounded.
The iron imp hits you!
Eustachio twirls his moustache.
Eustachio closely misses you. You furiously retaliate!
You headbutt Eustachio. The rat misses you. You furiously retaliate!
You headbutt the rat!
You kill the rat!
The rat's corpse disappears in a puff of smoke!
The rat completely misses you. You furiously retaliate!
You headbutt the rat.
You kill the rat!
The rat's corpse disappears in a puff of smoke!
You barely miss Eustachio. You headbutt Eustachio!
Eustachio is almost dead.
The iron imp hits you!
* * * LOW HITPOINT WARNING * * *
Eustachio hits you with a +2 vampiric falchion!
* * * LOW HITPOINT WARNING * * *
Eustachio draws strength from your wounds!
You miss Eustachio.
Eustachio is almost dead.
Eustachio hits you with a +2 vampiric falchion!
You die...

###### .>!.# #....#
....# #....#########
#.#.#
.....#.......###...###
#....#............b..#
#....#..........§§...#
..................§..#
................@@..#
#............###.5#...#
.............####...##..
..##...........###.(..#
...#.#..##..##..........
...#.#........######....
#.....#.##.##.# ....
#...#.#.##..#.###### ...
##.)#.#.###.#......#


You could see Eustachio (strong) and an iron imp (summoned).

Vanquished Creatures
  A worker ant (D:4)
  3 adders
  A worm (D:2)
  A dart slug (D:1)
  An orc (D:3)
  2 bats
  2 giant cockroaches (D:2)
  7 hobgoblins
  6 jackals
  10 oozes
  8 quokkas
  10 ball pythons
  6 frilled lizards
  9 goblins
  10 kobolds
  10 rats
87 creatures vanquished.

Notes
Turn   | Place    | Note
-------+----------+-------------------------------------------
     0 | D:1      | pkoi the Minotaur Monk began the quest for the Orb.
     0 | D:1      | Reached XP level 1. HP: 19/19 MP: 0/0
   214 | D:1      | Reached XP level 2. HP: 26/26 MP: 1/1
   262 | D:1      | Reached skill level 4 in Unarmed Combat
   657 | D:1      | Reached XP level 3. HP: 31/31 MP: 2/2
  1205 | D:2      | Reached skill level 5 in Unarmed Combat
  1690 | D:2      | Found a faded altar of an unknown god.
  1764 | D:2      | Reached XP level 4. HP: 39/39 MP: 3/3
  1977 | D:2      | Found a radiant altar of Vehumet.
  2411 | D:3      | Found Rugy's Book Boutique.
  2462 | D:3      | Reached skill level 6 in Unarmed Combat
  2667 | D:3      | Found an iron altar of Okawaru.
  2683 | D:3      | Became a worshipper of Warmaster Okawaru
  2683 | D:3      | Reached * piety under Okawaru
  2683 | D:3      | Reached ** piety under Okawaru
  2983 | D:4      | Reached XP level 5. HP: 41/46 MP: 4/4
  3083 | D:4      | Found an opulent altar of Gozag.
  3130 | D:4      | Noticed Eustachio
  3131 | D:4      | Found a staircase to the Ecumenical Temple.
  3149 | D:4      | HP: 1/46 [Eustachio/+2 vampiric falchion (7)]
  3150 | D:4      | Demolished by Eustachio

Illustrated notes

Levels and vault maps discovered:
D:1:      wander_arrival_peaceful_grave, layout_basic, minivault_4,
          minmay_rat_gold_closets
D:2:      layout_basic, lemuel_crystal_altar, chequers_ecumenical_altar_lobes
D:3:      layout_basic, okawaru_trees_1, serial_shops, shop
D:4:      minmay_chambers_of_threes, layout_rooms, grunt_gozag_breadcrumbs,
          minmay_temple_entry_butterflies, lexackson_kobold_supper,
          uniq_eustachio

Skill      XL: |  1  2  3  4 |
---------------+-------------+-----
Unarmed Combat | 4 5 6 |  6.2
Fighting       | |  3.7
Armour         | |  0.5
Dodging        | |  3.3
Stealth        | |  1.5
Invocations    | |  0.3

Action                   |  1- 3 |  4- 6 || total
-------------------------+-------+-------++-------
Melee: Unarmed           |   105 |    91 ||   196
       Headbutt          |    13 |    16 ||    29
Invok: Heroism           |       |     1 ||     1
 Stab: Sleeping          |    12 |     1 ||    13
Armor: Robe              |    23 |    28 ||    51
Dodge: Dodged            |    55 |    60 ||   115

Table legend: (Time is in decaauts)
 A = Elapsed time spent in this place.
 B = Non-inter-level travel time spent in this place.
 C = Inter-level travel time spent in this place.
 D = Time resting spent in this place.
 E = Time spent auto-exploring this place.
 F = Levels seen in this place.
 G = Mean time per level.
                   A        B        C        D        E       F      G
               +--------+--------+--------+--------+--------+-----+--------+
         Total |   3130 |   3104 |     26 |    234 |   2376 |   4 |  782.5 |
       Dungeon |   3130 |   3104 |     26 |    234 |   2376 |   4 |  782.5 |
               +--------+--------+--------+--------+--------+-----+--------+

Top non-repeatable levels by time:
     D:2: 1190 daAuts
     D:1: 1078 daAuts
     D:3: 662 daAuts
     D:4: 198 daAuts
